 Dungeon Crawl Stone Soup version 0.22-a0-348-gd16d139 (webtiles) character file.

21 zero the Sneak (level 2, -1/13 HPs)
             Began as a Spriggan Enchanter on Apr 10, 2018.
             Slain by a jackal (2 damage)
             ... on level 2 of the Dungeon.
             The game lasted 00:01:44 (636 turns).

zero the Sneak (Spriggan Enchanter)                  Turns: 636, Time: 00:01:44

Health: -1/13      AC:  2    Str:  4    XL:     2   Next: 65%
Magic:  1/6        EV: 18    Int: 16    God:
Gold:   14         SH:  0    Dex: 16    Spells: 3/6 levels left

rFire    . . .     SeeInvis +   a - +1 dagger
rCold    . . .     Gourm    .   (shield restricted)
rNeg     . . .     Faith    .   b - +0 robe
rPois    .         Spirit   .   (helmet restricted)
rElec    .         Reflect  .   (no cloak)
rCorr    .         Harm     .   (gloves unavailable)
MR       .....                  (boots unavailable)
Stlth    +++.......             (no amulet)
HPRegen  0.04/turn              f - ring of flight
MPRegen  0.10/turn              (no ring)

@: very slightly contaminated, very quick
A: very small, unfitting armour, see invisible, herbivore, speed 3, slow
metabolism 2
a: Evoke Flight


You were on level 2 of the Dungeon.
You were not hungry.

You visited 1 branch of the dungeon, and saw 3 of its levels.

You collected 14 gold pieces.

Inventory:

Hand Weapons
 a - a +1 dagger (weapon)
Armour
 b - a +0 robe (worn)
Jewellery
 f - a ring of flight (left hand)
Scrolls
 e - a scroll of identify {unknown}
Potions
 c - a potion of mutation {unknown}
 g - a potion of haste {unknown}
Comestibles
 d - 2 rations


   Skills:
 + Level 2.2 Short Blades
 - Level 3.0 Dodging
 + Level 5.3 Stealth
 - Level 2.6 Spellcasting
 - Level 3.6 Hexes


You had 3 spell levels left.
You knew the following spells:

 Your Spells              Type           Power        Failure   Level  Hunger
a - Corona                Hex            ##.....      4%          1    #......
b - Ensorcelled Hibernat  Hex/Ice        #.....       14%         2    ##.....


Dungeon Overview and Level Annotations

Branches:
Dungeon (3/15)

Altars:


Innate Abilities, Weirdness & Mutations

You are very small and have problems with some larger weapons.
You are too small for most types of armour.
You have supernaturally acute eyesight. (SInv)
You are a herbivore.
You cover ground extremely quickly.
You need to consume almost no food.


Message History

The jackal bites you. The jackal completely misses you.
The quokka bites you but does no damage.
The jackal completely misses you. x2
A kobold comes into view.
You hit the quokka.
The quokka is heavily wounded.
The jackal barely misses you. The jackal misses you.
The quokka barely misses you.
A hobgoblin comes into view. It is wielding a club.
You miss the quokka.
The quokka is heavily wounded.
The jackal bites you. The jackal closely misses you. The quokka bites you.
The goblin hits you.
You hit the quokka but do no damage.
The quokka is heavily wounded.
The jackal closely misses you. The jackal completely misses you.
The quokka bites you.
* * * LOW HITPOINT WARNING * * *
The goblin misses you. The jackal bites you.
You die...

#... #.# #... #.#
#.g# #.# #.K# #.#
#..## # #.# ...
#.#####.# #g#
#...>##.#####@##.#
#...........rhh..#
#.......#####.####
#......<# #.#
#.............#
#.......#######
#.......#
#.......#
#########


You could see a quokka, 2 jackals, a hobgoblin, a goblin and a kobold.

Vanquished Creatures
  An adder (D:2)
  An orc (D:3)
  4 bats
  4 frilled lizards (D:1)
  3 kobolds (D:1)
  A rat (D:1)
14 creatures vanquished.

Notes
Turn   | Place    | Note
-------+----------+-------------------------------------------
     0 | D:1      | zero the Spriggan Enchanter began the quest for the Orb.
     0 | D:1      | Reached XP level 1. HP: 9/9 MP: 5/5
   460 | D:1      | Reached XP level 2. HP: 10/13 MP: 6/6
   527 | D:1      | Learned a level 2 spell: Ensorcelled Hibernation
   552 | D:1      | Reached skill level 5 in Stealth
   636 | D:2      | Slain by a jackal

Vault maps used:
D:1:      matt_arrival_spirals, roderic_filled_cross, palyth_stone_intersect,
          chequers_big_river, kennysheep_nondescript
D:2:      nicolae_overflow_hidden_temple, first_ration, uniq_robin, uniq_jessica

Skill      XL: |  1  2 |
---------------+-------+-----
Stealth        | 5 |  5.3
Short Blades   | 2 |  2.2
Dodging        | |  3.0
Spellcasting   | |  2.6
Hexes          | |  3.6

Action                   || total
-------------------------++-------
Melee: Dagger            ||    57
 Cast: Ensorcelled Hiber ||     2
 Stab: Sleeping          ||     5
Armor: Robe              ||    18
Dodge: Dodged            ||    73

Table legend:
 A = Spawn XP
 B = Non-spawn XP
 C = Spawn XP percentage of total XP
 D = Spawn monster count
 E = Non-spawn monster count
 F = Spawn count percentage of total count
 G = Total turns spent on level
                    A         B        C        D         E        F      G
               +---------+---------+-------+---------+---------+-------+---------
         Total |       0 |      31 |   0.0 |       0 |      14 |   0.0 |   636
               +---------+---------+-------+---------+---------+-------+---------
           D:1 |       0 |      13 |   0.0 |       0 |      11 |   0.0 |   597
           D:2 |       0 |      14 |   0.0 |       0 |       1 |   0.0 |    27
           D:3 |       0 |       4 |   0.0 |       0 |       2 |   0.0 |    12
               +---------+---------+-------+---------+---------+-------+---------
